 Seeded DCSS version 0.28-a0-1374-ga75cb3825e (webtiles) character file.

Game seed: 12219887455895637472 (custom seed)

101 wilfster70 the Caller (level 4, -1/27 HPs)
             Began as an Octopode Summoner on Dec 31, 2021.
             Slain by an adder (4 damage)
             ... on level 3 of the Dungeon.
             The game lasted 00:13:19 (2745 turns).

wilfster70 the Caller (Octopode Summoner)           Turns: 2745, Time: 00:13:20

Health: -1/27      AC:  1    Str:  7    XL:     4   Next: 75%
Magic:  4/8        EV: 13    Int: 19    God:
Gold:   84         SH:  0    Dex: 12    Spells: 2/9 levels left

rFire   . . .      SeeInvis .   a - +0 hunting sling
rCold   . . .      Faith    .   (no shield)
rNeg    . . .      Spirit   .   (helmet restricted)
rPois   .          Reflect  .   (no amulet)
rElec   .          Harm     .   (no ring)
rCorr   .          Rampage  .   (no ring)
Will    .....                   (no ring)
Stlth   +++.......              (no ring)
HPRegen 0.09/turn               (no ring)
MPRegen 0.11/turn               (no ring)
                                (no ring)
                                (no ring)

@: brilliant
A: almost no armour, amphibious, 8 rings, camouflage 1, gelatinous body 1,
(nimble swimmer 1), tentacles
a: no special abilities


You were on level 3 of the Dungeon.
You visited 1 branch of the dungeon, and saw 3 of its levels.

You collected 84 gold pieces.

Inventory:

Hand Weapons
 a - a +0 hunting sling (weapon)
Missiles
 c - 3 boomerangs of dispersal
 d - 85 stones (quivered ammo)
Potions
 b - 2 potions of lignification {unknown}


   Skills:
 - Level 2.0 Dodging
 - Level 2.6 Stealth
 + Level 3.1 Spellcasting
 + Level 4.8 Summonings
 + Level 1.9 Translocations


You had 2 spell levels left.
You knew the following spells:

 Your Spells              Type           Power      Damage    Failure   Level
b - Call Imp              Summ           31%        N/A       3%          2
c - Blink                 Tloc           30%        N/A       10%         2
d - Call Canine Familiar  Summ           31%        N/A       6%          3

Your spell library contained the following spells:

 Spells                   Type           Power      Damage    Failure   Level
 Summon Small Mammal      Summ           100%       N/A       1%          1
 Summon Guardian Golem    Hex/Summ       18%        N/A       17%         3
 Gell's Gravitas          Tloc           15%        N/A       21%         3
 Lesser Beckoning         Tloc           15%        N/A       21%         3
 Teleport Other           Tloc           15%        N/A       21%         3
 Summon Lightning Spire   Summ/Air       18%        N/A       50%         4
 Manifold Assault         Tloc           15%        N/A       88%         5
 Storm Form               Tmut/Air       2%         N/A       100%        7
 Maxwell's Capacitive Co  Air            2%         ∞         100%        8


Dungeon Overview and Level Annotations

Branches:
Dungeon (3/15)

Altars:


Innate Abilities, Weirdness & Mutations

You cannot wear most types of armour.
You are amphibious.
You can wear up to eight rings at the same time.
Your skin changes colour to match your surroundings (Stealth+).
Your rubbery body absorbs attacks. (AC +1, EV +1)
((You are camouflaged when in or above water. (Stealth+)))
You have tentacles for arms and can constrict up to eight enemies at once.


Message History

The orc wizard gestures at you while chanting.
The puff of flame hits you.
* * * LOW HITPOINT WARNING * * *
The orc wizard misses your hound.
Your hound misses the orc wizard. The orc wizard casts a spell at you.
Your hound appears confused.
The adder closely misses you.
Found 23 arrows.
Your hound bites the orc.
The orc hits your hound with a +0 dagger.
Your hound closely misses the orc.
The orc hits your hound with a +0 dagger.
Your hound completely misses the orc.
Found a stone staircase leading down.
The adder bites you.
* * * LOW HITPOINT WARNING * * *
You see here 23 arrows.
Casting: Call Canine Familiar (quite dangerous; 6% risk of failure)
Confirm with . or Enter, or press ? or * to list all spells.
The spell is quite dangerous to miscast (6% risk of failure)!
Continue anyway?
The adder bites you.
* * * LOW HITPOINT WARNING * * *
The orc wizard hits your hound with a +0 dagger.
The adder misses you.
Your hound bites the adder.
The adder barely misses you.
Your hound bites the adder.
Your hound bites the orc wizard but does no damage.
The adder misses you.
Your hound misses the adder.
Your hound barely misses the orc wizard.
Your hound bites the orc wizard.
The orc wizard hits your hound with a +0 dagger.
The orc shouts!
Your hound bites the orc wizard.
The adder bites you.
* * * LOW HITPOINT WARNING * * *
The orc wizard closely misses your hound.
It was a potion of brilliance.
You feel clever all of a sudden.
Your hound bites the orc wizard.
The adder bites you.
You die...

##.#....##.#.#####
.........#.#......
......o....#......
#.....hh........#
#.......$.......
###.##....###.##.g
...##....# .# .
#....o.#.# .#
#@##.###.# #
##.####S##.###.#
#......o.......#
#.#####.##...###
#.####(# #h####.#
#.o.ho># #..#####
#..#


You could see an orc wizard (ally target), an adder, 2 orcs and a friendly hound
(summoned).

Vanquished Creatures
  An endoplasm (D:3)
  4 bats
  A frilled lizard (D:2)
  A rat (D:3)
7 creatures vanquished.

Vanquished Creatures (collateral kills)
  4 adders (D:2)
  2 dart slugs
  3 orcs (D:2)
  5 ball pythons (D:1)
  8 endoplasms (D:1)
  A giant cockroach (D:1)
  4 goblins
  6 hobgoblins
  2 quokkas (D:1)
  3 bats (D:1)
  5 frilled lizards
  6 kobolds
  2 rats (D:1)
51 creatures vanquished.

Grand Total: 58 creatures vanquished

Notes
Turn   | Place    | Note
-------+----------+-------------------------------------------
     0 | D:1      | wilfster70 the Octopode Summoner began the quest for the
                  | Orb.
     0 | D:1      | Reached XP level 1. HP: 11/11 MP: 3/3
   258 | D:1      | Reached XP level 2. HP: 17/17 MP: 3/5
   261 | D:1      | Learned a level 2 spell: Call Imp
   264 | D:1      | Learned a level 2 spell: Blink
   658 | D:1      | Reached XP level 3. HP: 21/21 MP: 6/6
   669 | D:1      | Found a faded altar of an unknown god.
   786 | D:1      | Reached skill level 1 in Translocations
  1484 | D:2      | Reached XP level 4. HP: 27/27 MP: 8/8
  1729 | D:2      | Learned a level 3 spell: Call Canine Familiar
  2745 | D:3      | Slain by an adder

Illustrated notes

Levels and vault maps discovered:
D:1:      mushboom_english_gardens, layout_loops_ring, serial_aquarium,
          aquarium_bridge_island_small [aquarium_subvault_small_open,
          aquarium_subvault_wall, aquarium_subvault_bridge,
          aquarium_subvault_bridge, aquarium_subvault_wall],
          aquarium_window_fake, aquarium_window_1, aquarium_window_2,
          aquarium_view_2f, aquarium_view_2f, aquarium_pool_2,
          nicolae_ecumenical_lake_church
D:2:      layout_rooms, kennysheep_generic_room_3
D:3:      layout_loops_ring, bloody_makhleb, lemuel_round_altar

Skill      XL: |  1  2  3  4 |
---------------+-------------+-----
Translocations | 1 |  1.9
Spellcasting   | 3 |  3.1
Dodging        | |  2.0
Stealth        | |  2.6
Summonings     | |  4.8

Action                   |  1- 3 |  4- 6 || total
-------------------------+-------+-------++-------
Melee: Unarmed           |    18 |     6 ||    24
       Constrict         |     6 |     2 ||     8
       Tentacles         |     3 |     1 ||     4
 Fire: Hunting sling     |       |     6 ||     6
 Cast: Summon Small Mamm |    21 |     1 ||    22
       Call Imp          |    16 |     6 ||    22
       Call Canine Famil |       |     9 ||     9
       Blink             |       |     1 ||     1
  Use: Scroll            |     1 |     2 ||     3
       Potion            |       |     1 ||     1
 Stab: Sleeping          |     1 |       ||     1
Armor: Skin              |    12 |     3 ||    15
Dodge: Dodged            |    39 |    18 ||    57

Table legend: (Time is in decaauts)
 A = Elapsed time spent in this place.
 B = Non-inter-level travel time spent in this place.
 C = Inter-level travel time spent in this place.
 D = Time resting spent in this place.
 E = Time spent auto-exploring this place.
 F = Levels seen in this place.
 G = Mean time per level.
                   A        B        C        D        E       F      G
               +--------+--------+--------+--------+--------+-----+--------+
         Total |   2746 |   2700 |     46 |    609 |    922 |   3 |  915.3 |
       Dungeon |   2746 |   2700 |     46 |    609 |    922 |   3 |  915.3 |
               +--------+--------+--------+--------+--------+-----+--------+

Top non-repeatable levels by time:
     D:1: 1282 daAuts
     D:2: 1167 daAuts
     D:3: 296 daAuts
